 Dungeon Crawl Stone Soup version 0.23-a0-136-g722f094350 (webtiles) character file.

370 Napalmbreeze the Conjurer (level 6, -1/32 HPs)
             Began as a Deep Elf Fire Elementalist on Aug 28, 2018.
             Was an Initiate of Vehumet.
             Killed from afar by an orc wizard (11 damage)
             ... with a puff of flame
             ... on level 5 of the Dungeon.
             The game lasted 00:17:44 (5193 turns).

Napalmbreeze the Conjurer (DEFE)                    Turns: 5193, Time: 00:17:45

Health: -1/32      AC:  2    Str:  5    XL:     6   Next: 42%
Magic:  3/15       EV: 13    Int: 22    God:    Vehumet [......]
Gold:   184        SH:  0    Dex: 15    Spells: 5/15 levels left

rFire    . . .     SeeInvis .   n - +0 spear
rCold    . . .     Gourm    .   (no shield)
rNeg     . . .     Faith    .   a - +0 robe
rPois    .         Spirit   .   (no helmet)
rElec    .         Reflect  .   (no cloak)
rCorr    .         Harm     .   (no gloves)
MR       .....                  (no boots)
Stlth    ++........             (no amulet)
HPRegen  0.10/turn              (no ring)
MPRegen  0.14/turn              (no ring)

@: no status effects
A: no striking features
a: Renounce Religion


You were on level 5 of the Dungeon.
You worshipped Vehumet.
Vehumet was noncommittal.
You were not hungry.

You visited 2 branches of the dungeon, and saw 6 of its levels.

You collected 184 gold pieces.

Inventory:

Hand Weapons
 n - a +0 spear (weapon)
Armour
 a - a +0 robe (worn)
Wands
 r - a wand of disintegration (13)
Scrolls
 b - 4 scrolls of teleportation
 i - a scroll of identify
 q - a scroll of amnesia {unknown}
Potions
 d - a potion of ambrosia {unknown}
 e - a potion of curing {unknown}
 f - a potion of might {unknown}
 g - a potion of berserk rage {unknown}
 h - a potion of mutation {unknown}
 j - a potion of brilliance {unknown}
 k - a potion of degeneration {unknown}
 l - a potion of flight {unknown}
 m - a potion of invisibility
 o - a potion of lignification {unknown}
 p - a potion of heal wounds {unknown}
Comestibles
 c - 10 rations
 s - 2 chunks of flesh


   Skills:
 - Level 2.4 Dodging
 - Level 2.4 Stealth
 + Level 5.1 Spellcasting
 * Level 5.2 Conjurations
 + Level 4.9 Fire Magic


You had 5 spell levels left.
You knew the following spells:

 Your Spells              Type           Power        Failure   Level  Hunger
a - Flame Tongue          Conj/Fire      ####.        1%          1    None
d - Conjure Flame         Conj/Fire      ####....     3%          3    ##.....
f - Sticky Flame          Conj/Fire      ####....     12%         4    ####...
s - Throw Flame           Conj/Fire      ####..       1%          2    None

Your spell library contained the following spells:

 Spells                   Type           Power        Failure   Level  Hunger
 Animate Skeleton         Necr           N/A          10%         1    None
 Apportation              Tloc           #.....       10%         1    None
 Confusing Touch          Hex            #.....       10%         1    None
 Summon Small Mammal      Summ           #...         10%         1    None
 Inner Flame              Hex/Fire       ###.....     11%         3    ##.....
 Fireball                 Conj/Fire      ####......   34%         5    #####..


Dungeon Overview and Level Annotations

Branches:
Dungeon (5/15)             Temple (1/1) D:4

Altars:
Ashenzari
Cheibriados
Fedhas
Hepliaklqana
Kikubaaqudgha
Nemelex Xobeh
Qazlal
Ru
Sif Muna
Trog
Uskayaw
Vehumet
Wu Jian
Yredelemnul
Zin
The Shining One

Annotations:
D:3 1 exclusion


Message History

Aiming: Throw Flame (safe; 1% risk of failure)
Press: ? - help, Shift-Dir - straight line, f - orc wizard
Aim: an orc wizard, wielding a dagger and wearing a robe (fast)
The puff of flame hits the orc wizard.
The orc wizard is moderately wounded.
Casting: Throw Flame (safe; 1% risk of failure)
Confirm with . or Enter, or press ? or * to list all spells.
Aiming: Throw Flame (safe; 1% risk of failure)
Press: ? - help, Shift-Dir - straight line, f/p - orc wizard
Aim: an orc wizard, wielding a dagger and wearing a robe (moderately wounded, The puff of flame hits the orc wizard.
The orc wizard is severely wounded.
The orc wizard gestures at you while chanting.
The puff of frost hits you!
The orc wizard gestures at you while chanting.
The magic dart hits you!
The orc wizard casts a cantrip, but nothing happens.
The orc wizard points at you and mumbles some strange words.
The puff of flame hits you!
You die...

§§§≈.#.).##..###
≈§≈..#.........#..
§≈..##.........#.#
§§.#####.......#.# §.##
#.......#.### .### #......(#.#..
##.# #.##..###.#.# ## ..## #.#
#.##.o###.#.# . ....
#.#####.##.....@#<#.# ..##
#.......##........#.##### #####
##################........ .....
...................#.############
#################.##.# ...# #...
#.##.# ###.###.## # #.##.#
#.......# .. #.##.# #.#.#####
#.###.##.#...#.#


You could see an orc wizard.

Vanquished Creatures
  2 howler monkeys (D:4)
  A crimson imp (D:5)
  A hound (D:5)
  2 orc priests
  A gnoll (D:3)
  5 adders
  An ooze (D:2)
  2 dart slugs (D:1)
  5 leopard geckos
  9 orcs
  6 giant cockroaches
  11 hobgoblins
  9 jackals
  2 quokkas
  14 bats
  6 frilled lizards
  5 goblins
  10 kobolds
  4 rats
  A rat zombie (D:3)
97 creatures vanquished.

Notes
Turn   | Place    | Note
-------+----------+-------------------------------------------
     0 | D:1      | Napalmbreeze the Deep Elf Fire Elementalist began the quest
                  | for the Orb.
     0 | D:1      | Reached XP level 1. HP: 10/10 MP: 6/6
   294 | D:1      | Reached XP level 2. HP: 15/15 MP: 5/8
   613 | D:1      | Learned a level 2 spell: Throw Flame
   808 | D:1      | Reached XP level 3. HP: 19/19 MP: 2/9
  1511 | D:2      | Found a sparkling altar of Nemelex Xobeh.
  2097 | D:2      | Learned a level 3 spell: Conjure Flame
  2202 | D:3      | Reached XP level 4. HP: 24/24 MP: 4/11
  3024 | D:3      | Found a snail-covered altar of Cheibriados.
  3111 | D:3      | Found an ancient bone altar of Kikubaaqudgha.
  3234 | D:3      | Learned a level 4 spell: Sticky Flame
  3279 | D:3      | Reached XP level 5. HP: 15/28 MP: 6/13
  3621 | D:3      | Found a bloodstained altar of Trog.
  3657 | D:3      | Noticed an eye of draining
  4048 | D:4      | Found a staircase to the Ecumenical Temple.
  4278 | Temple   | Entered the Ecumenical Temple
  4420 | Temple   | Became a worshipper of Vehumet
  4501 | D:4      | Reached XP level 6. HP: 32/32 MP: 12/15
  4749 | D:4      | Found a deep blue altar of Sif Muna.
  4900 | D:5      | Entered Level 5 of the Dungeon
  5087 | D:5      | Reached skill level 5 in Spellcasting
  5087 | D:5      | Reached skill level 5 in Conjurations
  5193 | D:5      | Killed from afar by an orc wizard

Vault maps used:
D:1:      lemuel_arrival_lava_pool
D:2:      nemelex_lonely_heart_becter
D:3:      lemuel_zombie_altar_kikubaaqudgha, cheibriados_altar_1, first_ration,
          serial_glass, glass_columns_b, glass_columns_a, trog_eyes_of_draining
D:4:      kennysheep_mini_moat, minmay_temple_entry_nine_rooms,
          hangedman_abyss_or_decor_passed
D:5:      gammafunk_ghost_smash, kennysheep_cluttered_room
Temple:   regret_index_temple_generic_petals

Skill      XL: |  1  2  3  4  5  6 |
---------------+-------------------+-----
Conjurations   | 2 3 4 5 |  5.2
Fire Magic     | 4 |  4.9
Spellcasting   | 4 5 |  5.1
Dodging        | |  2.4
Stealth        | |  2.4

Action                   |  1- 3 |  4- 6 || total
-------------------------+-------+-------++-------
Melee: Unarmed           |     1 |       ||     1
       Spear             |       |     7 ||     7
Throw: Stone             |     2 |       ||     2
 Cast: Flame Tongue      |    58 |    58 ||   116
       Throw Flame       |    22 |    43 ||    65
       Sticky Flame      |       |     2 ||     2
Evoke: Wand              |       |     1 ||     1
  Use: Scroll            |       |     2 ||     2
  Eat: Chunk             |     4 |    10 ||    14
Armor: Robe              |     4 |     5 ||     9
Dodge: Dodged            |    16 |    22 ||    38

Table legend:
 A = Non-vault XP
 B = Vault XP
 C = Vault XP percentage of total XP
 D = Non-vault monster count
 E = Vault monster count
 F = Vault count percentage of total count
                 A         B        C        D         E       F
            +---------+---------+-------+---------+---------+-------
      Total |     512 |      17 |   3.2 |      94 |       3 |   3.1
            +---------+---------+-------+---------+---------+-------
        D:1 |      49 |       0 |   0.0 |      29 |       0 |   0.0
        D:2 |      43 |       0 |   0.0 |      15 |       0 |   0.0
        D:3 |     144 |      17 |  10.6 |      35 |       3 |   7.9
        D:4 |     137 |       0 |   0.0 |      10 |       0 |   0.0
        D:5 |     139 |       0 |   0.0 |       5 |       0 |   0.0
            +---------+---------+-------+---------+---------+-------
